 Dungeon Crawl Stone Soup version 0.30.1-4-g462c640d31 (webtiles) character file.

Game seed: 16421214302937934015

5280 Eitelfritz the Cleaver (level 10, -2/90 HPs)
             Began as a Hill Orc Fighter on Sept 9, 2023.
             Was an Initiate of the Shining One.
             Slain by Psyche
             ... wielding a +2 dagger of chaos
              (5 damage)
             ... on level 9 of the Dungeon.
             The game lasted 00:19:47 (8474 turns).

Eitelfritz the Cleaver (Hill Orc Fighter)           Turns: 8474, Time: 00:19:47

Health: -2/90      AC:  6    Str: 24    XL:     10   Next: 63%
Magic:  11/12      EV: 10    Int:  8    God:    the Shining One [......]
Gold:   104        SH: 10    Dex: 10    Spells: 9/9 levels left

rFire   . . .        a - +4 war axe
rCold   . . .        c - +0 buckler
rNeg    . . .        u - +1 scale mail {Will+}
rPois   .            (no helmet)
rElec   .            d - +0 cloak
rCorr   .            D - +2 pair of gloves
SInv    .            (no boots)
Will    +....        i - amulet of reflection Stlth
                     (no ring)
HPRegen 0.35/turn    (no ring)
MPRegen 0.13/turn

%: reflection
@: corroded, glowing, studying 2 skills
A: no striking features
a: Renounce Religion


You were on level 9 of the Dungeon.
You worshipped the Shining One.
The Shining One was noncommittal.
You visited 2 branches of the dungeon, and saw 10 of its levels.
You also visited: Ossuary.

You collected 364 gold pieces.
You spent 260 gold pieces at shops.

Inventory:

Hand Weapons
 a - a +4 war axe (weapon)
 b - a +0 sling
 F - a +2 heavy flail
Missiles
 h - 2 throwing nets (quivered)
Armour
 c - a +0 buckler (worn)
 d - a +0 cloak (worn)
 u - a +1 scale mail of willpower (worn)
 D - a +2 pair of gloves (worn)
Jewellery
 f - a ring of wizardry
 g - an amulet of regeneration
 i - an amulet of reflection (around neck)
 w - a ring of magical power
Wands
 o - a wand of quicksilver (2)
 v - a wand of digging (2)
 x - a wand of iceblast (27)
 J - a wand of flame (20)
Scrolls
 k - 2 scrolls of teleportation
 m - a scroll of silence
 q - 2 scrolls of fear
 s - a scroll of blinking
 t - 3 scrolls of fog
 y - a scroll of poison
 A - 4 scrolls of immolation
 G - a scroll of summoning
 H - a scroll of amnesia
 I - a scroll of enchant armour
 K - a scroll of brand weapon {unknown}
Potions
 e - 3 potions of ambrosia
 j - a potion of haste
 l - 4 potions of curing
 n - 3 potions of flight
 p - 3 potions of brilliance
 r - a potion of resistance {unknown}
 z - a potion of experience {unknown}
 B - a potion of lignification {unknown}
 C - a potion of attraction {unknown}
 E - a potion of berserk rage {unknown}


   Skills:
 + Level 8.6 Fighting
 + Level 12.9 Axes
 + Level 8.6 Armour
 + Level 3.0 Dodging
 + Level 1.5 Stealth
 + Level 6.7 Shields
 * Level 3.0 Invocations


You had 9 spell levels left.
You didn't know any spells.
Your spell library contained the following spells:

 Spells                   Type           Power      Damage    Failure   Level
 Ensorcelled Hibernation  Hex/Ice        0%         N/A       86%         2
 Lesser Beckoning         Tloc           0%         N/A       86%         2
 Passwall                 Tmut/Erth      0%         N/A       86%         2
 Dazzling Flash           Conj/Hex       0%         N/A       97%         3
 Gell's Gravitas          Tloc           0%         N/A       97%         3
 Swiftness                Air            0%         N/A       97%         3
 Teleport Other           Tloc           0%         N/A       97%         3
 Volatile Blastmotes      Fire/Tloc      0%         2d10      97%         3
 Anguish                  Hex/Necr       0%         N/A       100%        4
 Cause Fear               Hex            0%         N/A       100%        4
 Iskenderun's Mystic Bla  Conj/Tloc      0%         2d3       100%        4
 Starburst                Conj/Fire      0%         6d3       100%        6
 Enfeeble                 Hex            0%         N/A       100%        7


Dungeon Overview and Level Annotations

Branches:
Dungeon (9/15)             Temple (1/1) D:5         Ossuary (visited)
   Lair: D:8-11         Orc: D:9-12

Altars:
Dithmenos
Elyvilon
Fedhas
Gozag
Hepliaklqana
Kikubaaqudgha
Makhleb
Okawaru
Qazlal
Ru
Sif Muna
Trog
Uskayaw
Vehumet
Wu Jian
Xom
Yredelemnul
The Shining One

Shops:
D:4 [   D:5 ?

Annotations:
D:9 Psyche


Message History

* * * LOW HITPOINT WARNING * * *
You hit the acid dragon but do no damage.
The acid dragon is severely wounded.
The acid dragon spits acid at you. The splash of acid hits you!!
* * * LOW HITPOINT WARNING * * *
You hit the acid dragon but do no damage.
The acid dragon is severely wounded.
You block the acid dragon's attack. The acid dragon barely misses you.
You slash the acid dragon!
You kill the acid dragon!
Your Dodging skill increases to level 3!
Your Invocations skill increases to level 3!
Psyche the Insane Magess comes into view.
She is wielding a +2 dagger of chaos.
There is an open door here.
You see here a +0 dagger.
Things that are here:
a +0 short sword; a boomerang of dispersal; an orc corpse
Items here: )) [[ †.
Psyche mumbles some strange words.
A swirling arc of seething chaos appears!
The arc of chaos hits you.
* * * LOW HITPOINT WARNING * * *
You slash Psyche!
Psyche is lightly wounded.
Psyche barely misses you.
You slash Psyche!
Psyche is heavily wounded.
You block Psyche's attack. Psyche casts a spell at you.
You resist with almost no effort.
You barely miss Psyche.
Psyche is heavily wounded.
Psyche hits you with a +2 dagger of chaos.
* * * LOW HITPOINT WARNING * * *
You feel your power leaking away.
You hit Psyche.
Psyche is severely wounded.
Psyche hits you with a +2 dagger of chaos.
You die...

...#'##......#.#.#
##........#....#.#
.....@....#....#.#.#
.....#.........#.#.#
.......#####...#.+.#
.......# #...#.#.#
#...##.#
#...))#.######
.......#
#...#@#.......
.......#
#####@#.......
##^....#
#....'.......
......#
#....#.......
.......#
#....#...####
######...# .....
!..... ...#### ....


You could see Psyche.

Vanquished Creatures
  Maurice (D:8)
  Grinder (D:4)
  Sigmund (D:7)
  4 yaks (D:8)
  A wyvern (D:8)
  A steam dragon (D:7)
  Menkaure (D:4)
  Edmund (D:6)
  An acid dragon (D:9)
  A water moccasin (D:7)
  The ghost of kalagan the Conjurer, an amateur DECj (D:4)
  A black bear (D:4)
  2 orc warriors
  2 ice beasts
  3 sky beasts
  3 centaurs
  3 ogres
  A phantom (D:5)
  2 kobold brigands
  2 scorpions
  8 wights
  8 killer bees (D:9)
  A howler monkey (D:9)
  3 orc priests
  5 hounds
  2 human zombies (Ossuary)
  A sleepcap (D:4)
  Crazy Yiuf (D:7)
  5 iguanas
  Ijyb (D:4)
  A gnoll bouda (D:6)
  7 orc wizards
  2 mummies (Ossuary)
  5 gnolls (D:6)
  6 adders
  A white imp (D:5)
  2 worms
  3 dart slugs
  11 orcs
  11 ball pythons
  4 bats
  12 endoplasms
  6 giant cockroaches
  A gnoll zombie (Ossuary)
  8 goblins
  8 hobgoblins
  5 jackals
  4 quokkas
  4 frilled lizards
  2 goblin zombies (Ossuary)
  A hobgoblin zombie (Ossuary)
  19 kobolds
  2 orc zombies (Ossuary)
  5 rats (D:1)
198 creatures vanquished.

Vanquished Creatures (others)
  A kobold (D:8)
1 creature vanquished.

Grand Total: 199 creatures vanquished

Notes
Turn   | Place    | Note
-------+----------+-------------------------------------------
     0 | D:1      | Eitelfritz the Hill Orc Fighter began the quest for the
                  | Orb.
     0 | D:1      | Reached XP level 1. HP: 19/19 MP: 1/1
    68 | D:1      | Reached skill level 3 in Axes
    68 | D:1      | Reached XP level 2. HP: 25/27 MP: 2/2
   318 | D:1      | Reached XP level 3. HP: 33/33 MP: 3/3
   718 | D:2      | Reached skill level 4 in Axes
   992 | D:2      | Reached XP level 4. HP: 28/40 MP: 4/4
  1283 | D:2      | Found an ancient bone altar of Kikubaaqudgha.
  1677 | D:3      | Reached XP level 5. HP: 47/47 MP: 5/5
  2125 | D:3      | Reached skill level 5 in Axes
  2496 | D:4      | Noticed an ogre
  2576 | D:4      | Noticed Menkaure
  2576 | D:4      | Noticed a black bear
  2594 | D:4      | Killed a black bear
  2595 | D:4      | Reached skill level 5 in Fighting
  2595 | D:4      | Reached skill level 1 in Dodging
  2599 | D:4      | Killed Menkaure
  2600 | D:4      | Reached skill level 6 in Axes
  2600 | D:4      | Reached XP level 6. HP: 47/56 MP: 6/6
  2641 | D:4      | Noticed Ijyb
  2650 | D:4      | Killed Ijyb
  2739 | D:4      | Found a runed translucent door.
  2739 | D:4      | Noticed kalagan's ghost (amateur DECj)
  2742 | D:4      | Found Didghew's Armour Emporium.
  2751 | D:4      | Bought a +1 scale mail of willpower for 160 gold pieces
  2822 | D:4      | Reached XP level 7. HP: 61/61 MP: 7/7
  3042 | D:4      | Noticed Grinder
  3046 | D:4      | Paralysed by Grinder for 4 turns
  3055 | D:5      | Entered Level 5 of the Dungeon
  3137 | D:5      | Found a staircase to the Ecumenical Temple.
  3151 | Temple   | Entered the Ecumenical Temple
  3246 | D:5      | Reached skill level 5 in Armour
  3265 | D:5      | Found a blossoming altar of Fedhas.
  3403 | D:5      | Reached skill level 7 in Axes
  3576 | D:5      | Found an ancient bone altar of Kikubaaqudgha.
  3683 | D:5      | Reached XP level 8. HP: 25/70 MP: 8/8
  3828 | D:5      | Found Sucses's Magic Scroll Shoppe.
  3837 | D:5      | Bought a scroll of noise for 11 gold pieces
  3837 | D:5      | Bought a scroll of identify for 22 gold pieces
  3837 | D:5      | Bought a scroll of identify for 22 gold pieces
  4219 | D:4      | Killed Grinder
  4220 | D:4      | Reached skill level 8 in Axes
  4401 | D:4      | Killed kalagan's ghost
  4575 | D:6      | Reached skill level 9 in Axes
  4712 | D:6      | Reached skill level 5 in Shields
  4712 | D:6      | Reached XP level 9. HP: 10/78 MP: 9/9
  4720 | D:6      | Found an ornate altar of the Wu Jian Council.
  4898 | D:6      | Found a sand-covered staircase.
  4907 | Ossuary  | Entered an ossuary
  5022 | Ossuary  | Reached skill level 10 in Axes
  5525 | D:4      | Bought a +0 pair of gloves for 45 gold pieces
  5978 | D:7      | Noticed Sigmund
  5979 | D:7      | Noticed Edmund
  6004 | D:6      | Killed Edmund
  6021 | D:7      | Killed Sigmund
  6022 | D:7      | Reached skill level 11 in Axes
  6022 | D:7      | Reached skill level 1 in Stealth
  6500 | D:7      | Found a runed translucent door.
  6501 | D:7      | Noticed Crazy Yiuf
  6507 | D:7      | Killed Crazy Yiuf
  6677 | D:8      | Reached XP level 10. HP: 65/88 MP: 10/10
  6814 | D:8      | Noticed Maurice
  6834 | D:8      | Killed Maurice
  6835 | D:8      | Reached skill level 12 in Axes
  7986 | Temple   | Became a worshipper of the Shining One
  8130 | D:9      | Reached skill level 1 in Invocations
  8459 | D:9      | Noticed Psyche
  8473 | D:9      | HP: 3/90 [Psyche/+2 dagger of chaos (5)]
  8474 | D:9      | Slain by Psyche

Illustrated notes

Levels and vault maps discovered:
D:1:      dpeg_arrival_rooms_b, layout_rooms, minmay_heptomino_d4
D:2:      layout_loops_corners, basic_altar, minmay_statues_item,
          kennysheep_another_room
D:3:      layout_loops_ring
D:4:      layout_basic, hellmonk_ghost_happy_afterlife, serial_shops, shop,
          uniq_grinder, uniq_ijyb, uniq_menkaure
D:5:      layout_loops_cross, kiku_gazebo_pond_becter, fedhas_ov_isle_minmay,
          minmay_temple_entry_waves, serial_shops, shop
D:6:      layout_rooms, mainiacjoe_overflow_concentric_impassable,
          enter_ossuary_1
D:7:      layout_basic, sigmund_edmund_badplayer, uniq_crazy_yiuf_cottage
D:8:      layout_gridville, uniq_maurice
D:9:      layout_stronghold, kennysheep_mini_moat, slow_altar_1, uniq_psyche,
          uniq_erolcha, uniq_pikel
Temple:   hellmonk_temple_two_chambers

Skill      XL: |  1  2  3  4  5  6  7  8  9 10 |
---------------+-------------------------------+-----
Axes           | 3 4 6 7 9 11 12 | 12.9
Fighting       | 4 5 6 7 8 |  8.6
Armour         | 4 5 6 7 8 |  8.6
Dodging        | 1 2 3 |  3.0
Shields        | 4 5 6 |  6.7
Stealth        | 1 |  1.5
Invocations    | 3 |  3.0

Action                     |  1- 3 |  4- 6 |  7- 9 | 10-12 || total
---------------------------+-------+-------+-------+-------++-------
  Melee: War axe           |   116 |   131 |   327 |   130 ||   704
    Use: Scroll            |       |     6 |    12 |     4 ||    22
         Potion            |       |     3 |     5 |     2 ||    10
 Armour: Scale mail        |    63 |    58 |    98 |    58 ||   277
  Dodge: Dodged            |    51 |    67 |   113 |    57 ||   288
  Block: Buckler           |    37 |    31 |   115 |    70 ||   253
         Reflection        |       |       |     6 |       ||     6
